 Dungeon Crawl Stone Soup version 0.29.1-2-gbd0b4ee654 (webtiles) character file.

Game seed: 7754048033871669757

1044 jamesblauser the Slasher (level 8, 0/70 HPs)
             Began as a Minotaur Fighter on Nov 5, 2022.
             Was a Follower of Nemelex Xobeh.
             Succumbed to an orc's poison
             ... on level 5 of the Dungeon on Nov 6, 2022.
             The game lasted 00:28:36 (5567 turns).

jamesblauser the Slasher (Minotaur Fighter)         Turns: 5567, Time: 00:28:36

Health: 0/70       AC: 12    Str: 24    XL:     8   Next: 4%
Magic:  2/7        EV:  3    Int:  5    God:    Nemelex Xobeh [*.....]
Gold:   173        SH: 14    Dex: 15    Spells: 4/7 levels left

rFire   . . .      SeeInvis .   a - +0 long sword
rCold   . . .      Faith    .   y - +0 tower shield
rNeg    + . .      Spirit   +   m - +0 plate armour
rPois   .          Reflect  .   (helmet restricted)
rElec   .          Harm     .   (no cloak)
rCorr   .          Rampage  .   (no gloves)
Will    .....                   (no boots)
Stlth   ..........              p - amulet of guardian spirit
HPRegen 0.21/turn               j - +6 ring of dexterity
MPRegen 0.10/turn               A - ring of positive energy

@: lethally poisoned (0 -> -1)
A: horns 2, retaliatory headbutt
a: Renounce Religion, Draw Escape, Draw Destruction, Draw Summoning


You were on level 5 of the Dungeon.
You worshipped Nemelex Xobeh.
Nemelex Xobeh was aware of your devotion.
You visited 1 branch of the dungeon, and saw 5 of its levels.

You collected 255 gold pieces.
You spent 82 gold pieces at shops.

Inventory:

Hand Weapons
 a - a +0 long sword (weapon)
Missiles
 e - a throwing net
Armour
 m - a +0 plate armour (worn)
 y - a +0 tower shield (worn)
Jewellery
 j - a +6 ring of dexterity (left hand)
 p - an amulet of guardian spirit (around neck)
 A - a ring of positive energy (right hand)
Wands
 b - a wand of light (10)
 o - a wand of flame (8) (quivered)
 s - a wand of iceblast (9)
 B - a wand of mindburst (11)
Scrolls
 l - a scroll of magic mapping
 n - a scroll of butterflies
 t - a scroll of identify
 v - 2 scrolls of teleportation
Potions
 d - a potion of might
 g - 8 potions of curing
 i - a potion of brilliance
 k - 2 potions of invisibility
 r - a potion of cancellation
 w - a potion of attraction
 x - 2 potions of flight
 z - a potion of magic


   Skills:
 + Level 5.8 Fighting
 + Level 7.2 Long Blades
 + Level 6.2 Armour
 + Level 1.0 Dodging
 + Level 1.1 Stealth
 + Level 5.5 Shields
 * Level 1.3 Summonings
 + Level 0.2 Evocations


You had 4 spell levels left.
You knew the following spells:

 Your Spells              Type           Power      Damage    Failure   Level
a - Call Canine Familiar  Summ           1%         N/A       100%        3

Your spell library contained the following spells:

 Spells                   Type           Power      Damage    Failure   Level
 Freeze                   Ice            0%         1d3       100%        1
 Frozen Ramparts          Ice            0%         1d1       100%        3
 Portal Projectile        Hex/Tloc       0%         N/A       100%        3
 Hailstorm                Conj/Ice       0%         3d3       100%        4
 Leda's Liquefaction      Hex/Erth       0%         N/A       100%        4


Dungeon Overview and Level Annotations

Branches:
Dungeon (5/15)
 Temple: D:4-7

Altars:
Nemelex Xobeh
Okawaru
Ru

Shops:
D:2 *

Annotations:
D:5 Prince Ribbit


Innate Abilities, Weirdness & Mutations

You have a pair of horns on your head.
You reflexively headbutt those who attack you in melee.


Message History

You block the orc's attack. The orc hits you but does no damage.
The orc priest hits you but does no damage.
You completely miss the orc priest. You headbutt the orc priest!
The orc priest is severely wounded.
You block the orc's attack. x2
The orc hits you from afar with a +0 trident of venom!
You are poisoned.
The orc priest hits you with a +0 hand axe.
Prince Ribbit hits you but does no damage.
The orc attacks as you move away! You block the orc's attack.
The orc priest attacks as you move away!
The orc priest hits you with a +0 hand axe.
You feel very sick.
The orc priest calls down the wrath of Beogh upon you.
Beogh smites you!
* * * LOW HITPOINT WARNING * * *
Prince Ribbit blinks!
You barely miss the orc. You headbutt the orc.
The orc is moderately wounded.
You feel very sick.
The orc priest invokes the aid of Beogh against you.
Pain shoots through your body!
* * * LOW HITPOINT WARNING * * *
Prince Ribbit blinks!
You block the orc's attack.
You feel sick.
You feel sick.
The orc priest invokes the aid of Beogh against you.
Beogh smites you!
* * * LOW HITPOINT WARNING * * *
The orc attacks as you move away! You block the orc's attack.
* * * LOW HITPOINT WARNING * * *
You feel sick. The orc attacks as you move away!
The orc hits you but does no damage.
* * * LOW HITPOINT WARNING * * *
You feel sick.
Prince Ribbit blinks!
The orc attacks as you move away! You block the orc's attack.
* * * LOW HITPOINT WARNING * * *
You feel sick.
You die...
Your body glows slightly and disappears.

#..#......)........#.#
#..#......####+#.....
#............#.......
##'#.####.#..#... ...
.....####.#..#.# #.#
..........#....## #.# +#
...)).....#.....# #.####.#
....).)...#####.###.#ยง...##.###
.......)........@.oo.oo........
.........##########....#....:..
..##.....# #...))#.......
..##.....# #.....#.......
..##.....# #.......+.......
..'.##...# #########.......
..#.##..## ....... ..#.##...+
....... ..#......#


You could see an orc priest and 3 orcs.

Vanquished Creatures
  Menkaure (D:4)
  An ogre (D:4)
  A jelly (D:5)
  Crazy Yiuf (D:2)
  3 iguanas (D:4)
  Ijyb (D:4)
  2 orc wizards (D:5)
  10 gnolls
  8 adders
  A worm (D:2)
  3 dart slugs
  12 orcs
  8 ball pythons
  13 endoplasms
  A giant cockroach (D:2)
  10 hobgoblins
  11 jackals
  5 quokkas
  7 bats
  6 frilled lizards
  5 goblins
  10 kobolds
  9 rats
  A bush (D:2)
130 creatures vanquished.

Vanquished Creatures (collateral kills)
  Grinder (D:5)
  Edmund (D:5)
  3 orcs (D:5)
5 creatures vanquished.

Vanquished Creatures (others)
  3 fungi (D:2)
3 creatures vanquished.

Grand Total: 138 creatures vanquished

Notes
Turn   | Place    | Note
-------+----------+-------------------------------------------
     0 | D:1      | jamesblauser the Minotaur Fighter began the quest for the
                  | Orb.
     0 | D:1      | Reached XP level 1. HP: 19/19 MP: 0/0
    81 | D:1      | Reached XP level 2. HP: 13/27 MP: 1/1
   871 | D:1      | Reached XP level 3. HP: 33/33 MP: 2/2
  1432 | D:2      | Reached skill level 3 in Long Blades
  1451 | D:2      | Reached XP level 4. HP: 28/41 MP: 3/3
  1985 | D:2      | Found Mekoirgh's General Store.
  1994 | D:2      | Bought a scroll of magic mapping for 82 gold pieces
  2007 | D:2      | Found a sparkling altar of Nemelex Xobeh.
  2016 | D:2      | Became a worshipper of Nemelex Xobeh the Trickster
  2090 | D:2      | Reached skill level 4 in Long Blades
  2094 | D:2      | Reached XP level 5. HP: 47/47 MP: 4/4
  2493 | D:2      | Found a runed translucent door.
  2494 | D:2      | Noticed Crazy Yiuf
  2501 | D:2      | Killed Crazy Yiuf
  2502 | D:2      | Reached skill level 5 in Long Blades
  2799 | D:3      | Found a sacrificial altar of Ru.
  2877 | D:3      | Reached skill level 5 in Armour
  3199 | D:3      | Found an iron altar of Okawaru.
  3204 | D:3      | Reached XP level 6. HP: 53/53 MP: 5/5
  3594 | D:4      | Reached * piety under Nemelex Xobeh
  3645 | D:4      | Noticed Menkaure
  3654 | D:4      | Killed Menkaure
  3909 | D:4      | Received a gift from Nemelex Xobeh
  4000 | D:4      | Reached skill level 1 in Dodging
  4087 | D:4      | Reached skill level 5 in Fighting
  4087 | D:4      | Reached skill level 5 in Shields
  4096 | D:4      | Reached skill level 6 in Long Blades
  4096 | D:4      | Reached XP level 7. HP: 30/61 MP: 3/6
  4614 | D:4      | Learned a level 3 spell: Call Canine Familiar
  4752 | D:4      | Noticed Ijyb
  4769 | D:4      | Killed Ijyb
  5106 | D:5      | Entered Level 5 of the Dungeon
  5219 | D:5      | Received a gift from Nemelex Xobeh
  5234 | D:5      | Noticed Edmund
  5238 | D:5      | Noticed Grinder
  5241 | D:5      | Killed Edmund
  5244 | D:5      | Killed Grinder
  5245 | D:5      | Reached skill level 7 in Long Blades
  5245 | D:5      | Reached skill level 1 in Summonings
  5264 | D:5      | Reached XP level 8. HP: 19/70 MP: 7/7
  5537 | D:5      | Noticed Prince Ribbit
  5550 | D:5      | Reached skill level 1 in Stealth
  5563 | D:5      | HP: 3/70 [orc priest/divine providence (9)]
  5566 | D:5      | HP: 1/70 [poisoned by an orc]
  5567 | D:5      | Succumbed to an orc's poison

Illustrated notes

Levels and vault maps discovered:
D:1:      onia_arrival_pentagram, layout_basic, serial_curves, eino_curves_02,
          eino_curves_03, eino_curves_02, eino_curves_03
D:2:      minmay_razor_zed, layout_rooms, serial_shops,
          nicolae_shop_behind_doors, basic_altar, uniq_crazy_yiuf_cottage
D:3:      layout_basic, lemuel_crystal_altar, okawaru_altar_gauntlet_db,
          minmay_cut_off
D:4:      minmay_inner_zag, layout_basic, supply_closet_lemuel, uniq_menkaure,
          uniq_ijyb
D:5:      layout_basic, lemuel_tele_altar, uniq_edmund, uniq_prince_ribbit1,
          uniq_grinder

Skill      XL: |  1  2  3  4  5  6  7  8 |
---------------+-------------------------+-----
Shields        | 4 5 |  5.5
Fighting       | 4 5 |  5.8
Armour         | 4 5 6 |  6.2
Long Blades    | 3 4 5 6 7 |  7.2
Dodging        | 1 |  1.0
Summonings     | 1 |  1.3
Stealth        | 1 |  1.1
Evocations     | |  0.2

Action                   |  1- 3 |  4- 6 |  7- 9 || total
-------------------------+-------+-------+-------++-------
Melee: Long sword        |    65 |   218 |    53 ||   336
       Headbutt          |    14 |    59 |    17 ||    90
Throw: Throwing net      |       |     1 |       ||     1
Invok: Draw Summoning    |       |       |     2 ||     2
Evoke: Wand              |       |     3 |     1 ||     4
  Use: Potion            |     4 |     1 |     2 ||     7
       Scroll            |     5 |     5 |     1 ||    11
 Stab: Distracted        |       |       |     1 ||     1
Armor: Scale mail        |    49 |     8 |       ||    57
       Plate armour      |       |   111 |    39 ||   150
Dodge: Dodged            |    43 |    70 |     2 ||   115
Block: Buckler           |    21 |    73 |     2 ||    96
       Tower shield      |       |       |    39 ||    39
